cohdb
Replays
Latest Replays
All Replays
Popular Replays
Top Player Replays
Match Explorer
How It Works
Community
CoH3 Stats
Reddit
Sign in to upload your games and track your stats! →
Sign in with Steam
Match 32557687
Unlisted
Match 32557687
Overview
Messages
Build Orders
End
Pioneer Squad
Construct Infanterie Kompanie
Selects Breakthrough Battlegroup
Selects Assault Grenadiers
Grenadier Squad
Grenadier Squad
Grenadier Squad
Selects Rapid Production
Grenadier Squad
MG 42 Machine Gun Team
Infanterie Officer Quarters
Construct Panzergrenadier Kompanie
Pak 40 Anti-tank Gun Team
Support Elements
Nebelwerfer 42 Rocket Launcher Team
Selects Blitzkrieg
StuG III G Assault Gun
Nebelwerfer 42 Rocket Launcher Team
StuG III G Assault Gun
StuG III G Assault Gun
Panzergrenadier Officer Quarters
Grenadier Squad
Selects Tiger Heavy Tank
Tiger Heavy Tank
StuG III G Assault Gun
Panzergrenadier Squad
Selects Breakthrough
Selects Incendiary Bombing Run
Pioneer Squad
StuG III G Assault Gun
StuG III G Assault Gun
Pioneer Squad
StuG III G Assault Gun
Incendiary Bombing Run
Pioneer Squad
StuG III G Assault Gun
Incendiary Bombing Run
el campo
MaXiS
Hydra7-1
BOMO
0
0
Comments
sign in to comment!
No comments posted yet!